| TOP OF THE 1ST |
|
San Diego (APP) Padres batting - Pitching for Johnson City Cardinals : LHP Matt Rossiter
|
|
Pitching: LHP Matt Rossiter
|
|
|
Batting: RHB Alex Collazo
|
0-0: Ball 1-0: Ball 2-0: Called Strike 2-1: Ground out 6-3 (Groundball, P, EV 82.5 MPH)
|
|
Batting: RHB Norinaga Yamakawakamatsu
|
0-0: Ball 1-0: Called Strike 1-1: DOUBLE (Flyball, 8LXD, EV 96.9 MPH)
|
|
Batting: LHB Justin Daley
|
0-0: Ball 1-0: Called Strike 1-1: Ball 2-1: 2-RUN HOME RUN (Flyball, 9D, EV 93.8 MPH), Distance : 366 ft
|
|
Batting: RHB Brian Klinkner
|
0-0: Swinging Strike 0-1: Ball 1-1: Ball 2-1: Ball 3-1: Base on Balls
|
|
Batting: RHB Phil McFadden
|
0-0: Ball 1-0: Fly out, F7 (Flyball, 78M, EV 95.6 MPH)
|
|
Batting: RHB Eric McMillian
|
0-0: Ball 1-0: Foul Ball, location: 2F 1-1: Called Strike 1-2: Ball 2-2: Ball 3-2: Base on Balls Brian Klinkner to second
|
|
Batting: RHB Max Stillo
|
0-0: Swinging Strike 0-1: Called Strike 0-2: Ball 1-2: Fly out, F9 (Flyball, 89M, EV 92.5 MPH)
|
| Top of the 1st over - 2 runs, 2 hits, 0 errors, 2 left on base; San Diego (APP) 2 - Johnson City 0 |
| BOTTOM OF THE 1ST |
|
Johnson City Cardinals batting - Pitching for San Diego (APP) Padres : LHP Bill Hussey
|
|
Pitching: LHP Bill Hussey
|
|
|
Batting: RHB Mario Carbajal
|
0-0: Called Strike 0-1: Called Strike 0-2: Foul Ball, location: 2F 0-2: Ball 1-2: Ball 2-2: Fly out, F8 (Line Drive, 78D, EV 92.5 MPH)
|
|
Batting: SHB J.T. Ready
|
0-0: Called Strike 0-1: Ball 1-1: Foul Ball, location: 2F 1-2: Ball 2-2: Strikes out looking
|
|
Batting: RHB Arnold Schuler
|
0-0: Called Strike 0-1: Ground out 5-3 (Groundball, 56S, EV 76.2 MPH)
|
| Bottom of the 1st over - 0 runs, 0 hits, 0 errors, 0 left on base; San Diego (APP) 2 - Johnson City 0 |
| TOP OF THE 2ND |
|
San Diego (APP) Padres batting - Pitching for Johnson City Cardinals : LHP Matt Rossiter
|
|
Batting: RHB Brian DeVoe
|
0-0: Called Strike 0-1: Called Strike 0-2: Ball 1-2: Ground out 6-3 (Groundball, 6, EV 83.1 MPH)
|
|
Batting: RHB Antonio Martinez
|
0-0: Called Strike 0-1: Foul Ball, location: 2F 0-2: Foul Ball, location: 2F 0-2: Ground out U3 (Groundball, 34, EV 85.0 MPH)
|
|
Batting: RHB Alex Collazo
|
0-0: Foul Ball, location: 2F 0-1: Ball 1-1: Foul Ball, location: 2F 1-2: Ball 2-2: Fly out, F9 (Flyball, 9S, EV 85.6 MPH)
|
| Top of the 2nd over - 0 runs, 0 hits, 0 errors, 0 left on base; San Diego (APP) 2 - Johnson City 0 |
| BOTTOM OF THE 2ND |
|
Johnson City Cardinals batting - Pitching for San Diego (APP) Padres : LHP Bill Hussey
|
|
Batting: RHB Jonathan Winkler
|
0-0: Called Strike 0-1: Swinging Strike 0-2: Strikes out looking
|
|
Batting: SHB Brad Meyer
|
0-0: Called Strike 0-1: Ball 1-1: TRIPLE (Flyball, 89XD, EV 105.0 MPH)
|
|
Batting: RHB Dan Wages
|
0-0: Ball Wild Pitch! Brad Meyer scores 1-0: Ball 2-0: Ball 3-0: Called Strike 3-1: Foul Ball, location: 2F 3-2: Foul Ball, location: 2F 3-2: Strikes out swinging
|
|
Batting: LHB Doug Nebel
|
0-0: Called Strike 0-1: Ball 1-1: Called Strike 1-2: Ball 2-2: Ball 3-2: Base on Balls
|
|
Batting: LHB Pete Mitchell
|
0-0: Ball 1-0: Foul Ball, location: 2F 1-1: Called Strike 1-2: Ball 2-2: Ball 3-2: Strikes out looking
|
| Bottom of the 2nd over - 1 run, 1 hit, 0 errors, 1 left on base; San Diego (APP) 2 - Johnson City 1 |
| TOP OF THE 3RD |
|
San Diego (APP) Padres batting - Pitching for Johnson City Cardinals : LHP Matt Rossiter
|
|
Batting: RHB Norinaga Yamakawakamatsu
|
0-0: Called Strike 0-1: Ground out 4-3 (Groundball, 4, EV 81.2 MPH)
|
|
Batting: LHB Justin Daley
|
0-0: Ball 1-0: Foul Ball, location: 2F 1-1: SINGLE (Groundball, 34D, EV 101.2 MPH)
|
|
Batting: RHB Brian Klinkner
|
0-0: Foul Ball, location: 2F 0-1: SINGLE (Groundball, 5D, EV 96.2 MPH) Justin Daley to second
|
|
Batting: RHB Phil McFadden
|
0-0: Foul Ball, location: 2F 0-1: Fielders Choice at 2nd, 6-4 (Groundball, 6S, EV 91.2 MPH) Justin Daley to third
|
|
Batting: RHB Eric McMillian
|
0-0: Ball 1-0: Swinging Strike 1-1: Ball 2-1: Ball 3-1: Base on Balls Phil McFadden to second
|
|
Batting: RHB Max Stillo
|
0-0: Ball 1-0: Ball 2-0: Ball 3-0: Base on Balls Justin Daley scores Phil McFadden to third Eric McMillian to second
|
|
Batting: RHB Brian DeVoe
|
0-0: Ball 1-0: Foul Ball, location: 2F 1-1: Ball 2-1: Ground out 4-3 (Groundball, 4, EV 91.9 MPH)
|
| Top of the 3rd over - 1 run, 2 hits, 0 errors, 3 left on base; San Diego (APP) 3 - Johnson City 1 |
| BOTTOM OF THE 3RD |
|
Johnson City Cardinals batting - Pitching for San Diego (APP) Padres : LHP Bill Hussey
|
|
Batting: SHB Felipe Campanella
|
0-0: Ground out 5-3 (Groundball, 56, EV 90.6 MPH)
|
|
Batting: RHB Mario Carbajal
|
0-0: Ball 1-0: Called Strike 1-1: Foul Ball, location: 2F 1-2: Ball 2-2: Ball 3-2: Base on Balls
|
|
Batting: SHB J.T. Ready
|
0-0: Called Strike 0-1: Called Strike 0-2: Foul Ball, location: 2F 0-2: Foul Ball, location: 2F 0-2: Fly out, F8 (Line Drive, 89D, EV 91.9 MPH)
|
|
Batting: RHB Arnold Schuler
|
0-0: Ball 1-0: Swinging Strike Mario Carbajal is caught stealing 2nd base 2-4
|
| Bottom of the 3rd over - 0 runs, 0 hits, 0 errors, 0 left on base; San Diego (APP) 3 - Johnson City 1 |
| TOP OF THE 4TH |
|
San Diego (APP) Padres batting - Pitching for Johnson City Cardinals : LHP Matt Rossiter
|
|
Batting: RHB Antonio Martinez
|
0-0: Foul Ball, location: 2F 0-1: Foul Ball, location: 2F 0-2: Foul Ball, location: 2F 0-2: Strikes out swinging
|
|
Batting: RHB Alex Collazo
|
0-0: Ball 1-0: Swinging Strike 1-1: Called Strike 1-2: Foul Ball, location: 2F 1-2: Ball 2-2: Strikes out swinging
|
|
Batting: RHB Norinaga Yamakawakamatsu
|
0-0: Ball 1-0: Ball 2-0: Foul Ball, location: 2F 2-1: Ball 3-1: Called Strike 3-2: SINGLE (Groundball, 4MD, EV 95.0 MPH)
|
|
Batting: LHB Justin Daley
|
0-0: Foul Ball, location: 2F 0-1: Ball 1-1: Ball 2-1: Called Strike 2-2: Fly out, F9 (Flyball, 9D, EV 85.6 MPH)
|
| Top of the 4th over - 0 runs, 1 hit, 0 errors, 1 left on base; San Diego (APP) 3 - Johnson City 1 |
| BOTTOM OF THE 4TH |
|
Johnson City Cardinals batting - Pitching for San Diego (APP) Padres : LHP Bill Hussey
|
|
Batting: RHB Arnold Schuler
|
0-0: Ball 1-0: Called Strike 1-1: Fly out, F9 (Flyball, 89D, EV 99.4 MPH)
|
|
Batting: RHB Jonathan Winkler
|
0-0: Called Strike 0-1: SINGLE (Groundball, 25, EV 66.2 MPH) (infield hit)
|
|
Batting: SHB Brad Meyer
|
0-0: Called Strike 0-1: Ball 1-1: Ball 2-1: Fly out, F8 (Line Drive, 89M, EV 98.8 MPH)
|
|
Batting: RHB Dan Wages
|
0-0: Ball 1-0: Called Strike Jonathan Winkler steals 2nd base 1-1: Fly out, F7 (Flyball, 7D, EV 76.9 MPH)
|
| Bottom of the 4th over - 0 runs, 1 hit, 0 errors, 1 left on base; San Diego (APP) 3 - Johnson City 1 |
| TOP OF THE 5TH |
|
San Diego (APP) Padres batting - Pitching for Johnson City Cardinals : LHP Matt Rossiter
|
|
Pitching: RHP Francisco Galindo
|
|
|
Batting: RHB Brian Klinkner
|
0-0: Ball 1-0: Ball 2-0: Foul Ball, location: 2F 2-1: Ball 3-1: Ground out 6-3 (Groundball, 6, EV 89.4 MPH)
|
|
Batting: RHB Phil McFadden
|
0-0: Ball 1-0: Swinging Strike 1-1: Foul Ball, location: 2F 1-2: Ball 2-2: Ground out 1-3 (Groundball, 23, EV 73.8 MPH)
|
|
Batting: RHB Eric McMillian
|
0-0: Ball 1-0: Ball 2-0: Foul Ball, location: 2F 2-1: Ball 3-1: Base on Balls
|
|
Batting: RHB Max Stillo
|
0-0: Ball 1-0: Swinging Strike 1-1: Ball 2-1: Ball 3-1: Swinging Strike 3-2: Foul Ball, location: 2F 3-2: Strikes out looking
|
| Top of the 5th over - 0 runs, 0 hits, 0 errors, 1 left on base; San Diego (APP) 3 - Johnson City 1 |
| BOTTOM OF THE 5TH |
|
Johnson City Cardinals batting - Pitching for San Diego (APP) Padres : LHP Bill Hussey
|
|
Batting: LHB Doug Nebel
|
0-0: Ball 1-0: Ball 2-0: Ball 3-0: Called Strike 3-1: Fly out, F7 (Flyball, 78M, EV 90.6 MPH)
|
|
Batting: LHB Pete Mitchell
|
0-0: Called Strike 0-1: DOUBLE (Flyball, 8LXD, EV 95.6 MPH)
|
|
Batting: SHB Felipe Campanella
|
0-0: Swinging Strike 0-1: Foul Ball, location: 2F 0-2: Foul Ball, location: 2F 0-2: Ball 1-2: Strikes out swinging, 2-3 out at first.
|
|
Batting: RHB Mario Carbajal
|
0-0: Called Strike 0-1: Ball 1-1: Ball 2-1: Fly out, F9 (Flyball, 9, EV 87.5 MPH)
|
| Bottom of the 5th over - 0 runs, 1 hit, 0 errors, 1 left on base; San Diego (APP) 3 - Johnson City 1 |
| TOP OF THE 6TH |
|
San Diego (APP) Padres batting - Pitching for Johnson City Cardinals : RHP Francisco Galindo
|
|
Batting: RHB Brian DeVoe
|
0-0: Ball 1-0: Called Strike 1-1: Foul Ball, location: 2F 1-2: Fly out, F9 (Flyball, 89XD, EV 100.6 MPH)
|
|
Batting: RHB Antonio Martinez
|
0-0: Ball 1-0: Called Strike 1-1: Called Strike 1-2: SINGLE (Groundball, 34D, EV 96.9 MPH)
|
|
Pitching: RHP Ricky Enriquez
|
|
|
Batting: RHB Alex Collazo
|
0-0: Called Strike Antonio Martinez steals 2nd base 0-1: Ball 1-1: Called Strike 1-2: Foul Ball, location: 2F 1-2: Ball 2-2: Ball 3-2: Foul Ball, location: 2F 3-2: Strikes out swinging
|
|
Batting: RHB Norinaga Yamakawakamatsu
|
0-0: Foul Ball, location: 2F 0-1: Ball 1-1: Foul Ball, location: 2F 1-2: Ball 2-2: Foul Ball, location: 2F 2-2: Fly out, F7 (Flyball, 7D, EV 100.0 MPH)
|
| Top of the 6th over - 0 runs, 1 hit, 0 errors, 1 left on base; San Diego (APP) 3 - Johnson City 1 |
| BOTTOM OF THE 6TH |
|
Johnson City Cardinals batting - Pitching for San Diego (APP) Padres : LHP Bill Hussey
|
|
Batting: SHB J.T. Ready
|
0-0: Called Strike 0-1: Ball 1-1: Foul Ball, location: 2F 1-2: Strikes out swinging
|
|
Batting: RHB Arnold Schuler
|
0-0: Ball 1-0: Ball 2-0: Ball 3-0: Base on Balls
|
|
Pitching: LHP Ricardo de la Torre
|
|
|
Batting: RHB Jonathan Winkler
|
0-0: Ball 1-0: Ball 2-0: Called Strike 2-1: Ball 3-1: Base on Balls Arnold Schuler to second
|
|
Batting: SHB Brad Meyer
|
0-0: Ball 1-0: Swinging Strike 1-1: Ball 2-1: Called Strike 2-2: Strikes out looking
|
|
Batting: RHB Dan Wages
|
0-0: Ball 1-0: Foul Ball, location: 2F 1-1: Swinging Strike 1-2: Foul Ball, location: 2F 1-2: Strikes out swinging
|
| Bottom of the 6th over - 0 runs, 0 hits, 0 errors, 2 left on base; San Diego (APP) 3 - Johnson City 1 |
| TOP OF THE 7TH |
|
San Diego (APP) Padres batting - Pitching for Johnson City Cardinals : RHP Ricky Enriquez
|
|
Batting: LHB Justin Daley
|
0-0: Ball 1-0: Foul Ball, location: 2F 1-1: Foul Ball, location: 2F 1-2: Strikes out swinging
|
|
Batting: RHB Brian Klinkner
|
0-0: Called Strike 0-1: Ball 1-1: Ball 2-1: Foul Ball, location: 2F 2-2: Strikes out looking
|
|
Batting: RHB Phil McFadden
|
0-0: Ball 1-0: Ball 2-0: Called Strike 2-1: Swinging Strike 2-2: Foul Ball, location: 2F 2-2: Fly out, F8 (Flyball, 8RM, EV 72.5 MPH)
|
| Top of the 7th over - 0 runs, 0 hits, 0 errors, 0 left on base; San Diego (APP) 3 - Johnson City 1 |
| BOTTOM OF THE 7TH |
|
Johnson City Cardinals batting - Pitching for San Diego (APP) Padres : LHP Ricardo de la Torre
|
|
Batting: LHB Doug Nebel
|
0-0: Called Strike 0-1: Ball 1-1: Called Strike 1-2: Ball 2-2: Foul Ball, location: 2F 2-2: Strikes out swinging
|
|
Batting: LHB Pete Mitchell
|
0-0: Called Strike 0-1: Ball 1-1: Ball 2-1: Ground out 5-3 (Groundball, 56, EV 108.1 MPH)
|
|
Batting: SHB Felipe Campanella
|
0-0: Ball 1-0: Ground out 4-3 (Groundball, 4S, EV 89.4 MPH)
|
| Bottom of the 7th over - 0 runs, 0 hits, 0 errors, 0 left on base; San Diego (APP) 3 - Johnson City 1 |
| TOP OF THE 8TH |
|
San Diego (APP) Padres batting - Pitching for Johnson City Cardinals : RHP Ricky Enriquez
|
|
Batting: RHB Eric McMillian
|
0-0: Called Strike 0-1: Called Strike 0-2: SINGLE (Groundball, 56D, EV 101.2 MPH)
|
|
Batting: RHB Max Stillo
|
0-0: Ball 1-0: Ball 2-0: Ball 3-0: TRIPLE (Flyball, 89XD, EV 96.2 MPH) Eric McMillian scores
|
|
Batting: RHB Brian DeVoe
|
0-0: Ball 1-0: Ground out 4-3 (Groundball, 4, EV 81.2 MPH)
|
|
Batting: RHB Antonio Martinez
|
0-0: Foul Ball, location: 2F 0-1: Called Strike 0-2: Ball 1-2: Strikes out swinging
|
|
Batting: RHB Alex Collazo
|
0-0: Called Strike 0-1: Called Strike 0-2: Ball 1-2: Ball 2-2: Ball 3-2: Ground out 6-3 (Groundball, 6, EV 88.1 MPH)
|
| Top of the 8th over - 1 run, 2 hits, 0 errors, 1 left on base; San Diego (APP) 4 - Johnson City 1 |
| BOTTOM OF THE 8TH |
|
Johnson City Cardinals batting - Pitching for San Diego (APP) Padres : LHP Ricardo de la Torre
|
|
Batting: RHB Mario Carbajal
|
0-0: Called Strike 0-1: Called Strike 0-2: Ball 1-2: Foul Ball, location: 2F 1-2: Ball 2-2: Ball 3-2: Foul Ball, location: 2F 3-2: Foul Ball, location: 2F 3-2: Base on Balls
|
|
Pitching: RHP Dave Waterman
|
|
|
Batting: SHB J.T. Ready
|
0-0: Foul Ball, location: 2F 0-1: Foul Ball, location: 2F 0-2: Strikes out swinging
|
|
Batting: RHB Arnold Schuler
|
0-0: DOUBLE (Line Drive, 78XD, EV 98.1 MPH) Mario Carbajal to third Runner from 3rd tries for Home, SAFE, no throw by CF
|
|
Pitching: RHP Chris Pisor
|
|
|
Batting: RHB Jonathan Winkler
|
0-0: Called Strike 0-1: Ball 1-1: Ball Wild Pitch! Arnold Schuler to third 2-1: Swinging Strike 2-2: Strikes out swinging
|
|
Batting: SHB Brad Meyer
|
0-0: Ball 1-0: Swinging Strike 1-1: Foul Ball, location: 2F 1-2: Strikes out swinging
|
| Bottom of the 8th over - 1 run, 1 hit, 0 errors, 1 left on base; San Diego (APP) 4 - Johnson City 2 |
| TOP OF THE 9TH |
|
San Diego (APP) Padres batting - Pitching for Johnson City Cardinals : RHP Ricky Enriquez
|
|
Pitching: RHP David Lopez
|
|
|
Batting: RHB Norinaga Yamakawakamatsu
|
0-0: Ball 1-0: Fly out, F9 (Flyball, 9, EV 94.4 MPH)
|
|
Batting: LHB Justin Daley
|
0-0: Fly out, F9 (Flyball, 9LD, EV 101.9 MPH)
|
|
Batting: RHB Brian Klinkner
|
0-0: Foul Ball, location: 2F 0-1: Ball 1-1: Foul Ball, location: 2F 1-2: Ball 2-2: SOLO HOME RUN (Flyball, 7LD, EV 96.2 MPH), Distance : 360 ft
|
|
Batting: RHB Phil McFadden
|
0-0: Ground out 1-3 (Groundball, 25, EV 65.6 MPH)
|
| Top of the 9th over - 1 run, 1 hit, 0 errors, 0 left on base; San Diego (APP) 5 - Johnson City 2 |
| BOTTOM OF THE 9TH |
|
Johnson City Cardinals batting - Pitching for San Diego (APP) Padres : RHP Chris Pisor
|
|
Batting: RHB Dan Wages
|
0-0: Called Strike 0-1: DOUBLE (Flyball, 7LD, EV 96.2 MPH)
|
|
Pitching: LHP Cory Watson
|
|
|
Pinch Hitting: SHB Steve Langlois
|
0-0: Ball 1-0: Ball 2-0: Foul Ball, location: 2F 2-1: Swinging Strike 2-2: Ball 3-2: Base on Balls
|
|
Pinch Hitting: RHB Matt McGuire
|
0-0: Ball 1-0: Foul Ball, location: 2F 1-1: Ball 2-1: Ball 3-1: Called Strike 3-2: Base on Balls Dan Wages to third Steve Langlois to second
|
|
Batting: SHB Felipe Campanella
|
0-0: Ball 1-0: Ball 2-0: Ball 3-0: Called Strike 3-1: Base on Balls Dan Wages scores Steve Langlois to third Matt McGuire to second
|
|
Batting: RHB Mario Carbajal
|
0-0: Called Strike 0-1: Ball 1-1: Ball 2-1: Called Strike 2-2: Foul Ball, location: 2F 2-2: Foul Ball, location: 2F 2-2: Fly out, F9 (Flyball, 9LS, EV 93.1 MPH)
|
|
Batting: SHB J.T. Ready
|
0-0: Ball Wild Pitch! Steve Langlois scores Matt McGuire to third Felipe Campanella to second 1-0: Ball 2-0: Called Strike 2-1: Ground out 4-3 (Groundball, 4, EV 85.6 MPH) Matt McGuire scores Felipe Campanella to third
|
|
Batting: RHB Arnold Schuler
|
0-0: Ball 1-0: SINGLE (Groundball, 6MD, EV 103.1 MPH) Felipe Campanella scores
|
| Bottom of the 9th over - 4 runs, 2 hits, 0 errors, 1 left on base; San Diego (APP) 5 - Johnson City 6 |
|